 Dungeon Crawl Stone Soup version 0.15.0-22-g71df38d (console) character file.

7842 gw the Basher (level 11, -5/100 HPs)
             Began as a Deep Dwarf Gladiator on Sept 8, 2014.
             Was a High Priest of Makhleb.
             Succumbed to a manticore's barbed spikes
             ... on Level 11 of the Dungeon.
             The game lasted 00:08:04 (9837 turns).

gw the Basher (Deep Dwarf Gladiator)                Turns: 9837, Time: 00:08:04

HP  -5/100       AC 22     Str 18      XL: 11   Next:  2%
MP  18/18        EV 11     Int  8 (10) God: Makhleb [*****.]
Gold 0           SH  0     Dex 18      Spells:  0 memorised, 10 levels left

rFire  . . .     SeeInvis .     r - -3 eveningstar
rCold  . . .     Rnd*Rage +     t - +0 plate armour
rNeg   . . .     rCorr    .     (no shield)
rPois  .         rRot     .     c - +1 helmet
rElec  .         Spirit   .     (no cloak)
SustAb .         Warding  .     l - +2 pair of gloves
rMut   .         Stasis   .     j - +1 pair of boots
Gourm  .                        (no amulet)
MR     +....                    (no ring)
                                n - +5 ring of evasion

@: manticore barbs, non-regenerating, somewhat resistant to hostile
enchantments, extremely unstealthy
A: damage resistance, recharge devices, thin skeletal structure 1, berserk 1,
breathe flames 1, sense surroundings 2, slow healing 3, placid magic 1
a: Device Recharging, Minor Destruction, Lesser Servant of Makhleb, Major
Destruction, Greater Servant of Makhleb, Renounce Religion, Breathe Fire


You were on level 11 of the Dungeon.
You worshipped Makhleb.
Makhleb was extremely pleased with you.
You were not hungry.

You visited 2 branches of the dungeon, and saw 12 of its levels.

Inventory:

Hand weapons
 r - a -3 eveningstar (weapon)
Missiles
 a - 16 steel bolts
 d - 3 throwing nets
 q - 87 bolts
Armour
 c - a +1 helmet (worn)
 j - a +1 pair of boots (worn)
 l - a +2 pair of gloves (worn)
 t - a +0 plate armour (worn)
Magical devices
 e - a wand of heal wounds (1)
 o - a wand of frost (4)
 w - a wand of enslavement (12)
 y - a wand of random effects (10)
Comestibles
 f - 7 bread rations
 g - 8 slices of pizza
 h - 2 meat rations
 i - 12 fruits
 u - 2 royal jellies
 v - 4 beef jerkies
Scrolls
 b - a scroll of noise
 k - 5 scrolls of identify
 m - 4 scrolls of remove curse
 x - a scroll of holy word {unknown}
 z - a scroll of acquirement {unknown}
 A - a scroll of blinking
Jewellery
 n - a +5 ring of evasion (left hand)
Potions
 p - a potion of heal wounds
 s - a potion of curing


   Skills:
 + Level 7.3 Fighting
 * Level 11.2 Maces & Flails
 - Level 1.7 Throwing
 + Level 8.6 Armour
 - Level 3.2 Dodging
 + Level 9.0 Invocations


You had 10 spell levels left.
You didn't know any spells.

Dungeon Overview and Level Annotations

Branches:
Dungeon (11/15)            Temple (1/1) D:5             Orc (0/4) D:10
   Lair (0/8) D:9

Altars:
Ashenzari
Cheibriados
Dithmenos
Elyvilon
Fedhas
Kikubaaqudgha
Makhleb
Nemelex Xobeh
Okawaru
Qazlal
Sif Muna
Trog
Vehumet
Xom
Yredelemnul
Zin
The Shining One

Shops:
D:7 ?


Innate Abilities, Weirdness & Mutations

You are resistant to damage.
You can recharge devices by infusing magical energy.
You passively map the area around you.
You do not heal naturally.
You have a somewhat thin skeletal structure (Dex +2, Stealth).
You tend to lose your temper in combat.
You can breathe flames.
Your spells are a little easier to cast, but a little less powerful.


Message History

Can't find anything matching that.
The barbed spikes dig painfully into your body as you move.
Search for what [Enter for "glowing drain", or ? for help]? glowing drain Can't find anything matching that.
The barbed spikes dig painfully into your body as you move.
Found a scroll of blinking.
Search for what [Enter for "glowing drain", or ? for help]? glowing drain Can't find anything matching that.
The barbed spikes dig painfully into your body as you move.
Search for what [Enter for "glowing drain", or ? for help]? glowing drain Can't find anything matching that.
The barbed spikes dig painfully into your body as you move.
Search for what [Enter for "glowing drain", or ? for help]? glowing drain Can't find anything matching that.
The barbed spikes dig painfully into your body as you move.
A - a scroll of blinking Search for what [Enter for "glowing drain", or ? for help]? glowing drain Can't find anything matching that.
The barbed spikes dig painfully into your body as you move.
You die...

......#.......######......)......
.....#.......................#...
....#[..$..##...............###..
...#(.....###...............# ##.
..#......## #..............## ##
.#......## #..............# #
#.......# #.............##
.......## #.............##
......## ##...g..#####...## ##
.......#**##....#### ##...####.
##.......##...3## ##..#....
#####.........## #.....[. #
####.....#### ##...... #
###......## ##..... #
#........### #.[... #
#...........# ##..... #
#...........## ##......


You could see a friendly smoke demon.

Table legend:
 A = Turns spent in this place as a percentage of turns spent in the entire game.
 B = Non-inter-level travel turns spent in this place as a percentage of non-inter-level travel turns spent in the entire game.
 C = Inter-level travel turns spent in this place as a percentage of turns spent in this place.
 D = Turns resting spent in this place as a percentage of non-inter-level travel turns spent in this place.
 E = Turns spent auto-exploring this place as a percentage of non-inter-level travel turns spent in this place.
 F = Non-inter-level travel turns spent in this place divided by the number of levels of this place that you've seen.
                   A       B       C       D       E      F
               +-------+-------+-------+-------+-------+----------------------
         Total | 100.0 | 100.0 |   0.5 |   1.2 |  14.7 | 317.3
       Dungeon |  99.3 |  99.3 |   0.5 |   1.2 |  14.6 | 343.7
        Temple |   0.7 |   0.7 |   3.6 |   0.0 |  33.3 |  27.0
               +-------+-------+-------+-------+-------+----------------------

Table legend:
 A = Kills in this place as a percentage of kills in entire the game.
 B = Kills by you in this place as a percentage of kills by you in the entire game.
 C = Kills by friends in this place as a percentage of kills by friends in the entire game.
 D = Other kills in this place as a percentage of other kills in the entire game.
 E = Experience gained in this place as a percentage of experience gained in the entire game.
 F = Experience gained in this place divided by the number of levels of this place that you have seen.
                   A       B       C       D       E      F
               +-------+-------+-------+-------+-------+----------------------
         Total | 100.0 | 100.0 | 100.0 |  -nan | 100.0 | 933.6
       Dungeon | 100.0 | 100.0 | 100.0 |  -nan | 100.0 | 1018.5
               +-------+-------+-------+-------+-------+----------------------

Vanquished Creatures
  Psyche (D:8)
  2 trolls (D:10)
  A wyvern (D:10)
  A human (D:7)
  A neqoxec (D:11)
  A yak (D:7)
  Eustachio (D:8)
  3 hippogriffs
  2 hungry ghosts
  2 water moccasins
  2 ice beasts (D:7)
  A necrophage (D:9)
  5 orc warriors
  5 sky beasts
  5 ogres
  4 centaurs
  3 big kobolds
  Sigmund (D:6)
  Duvessa (D:6)
  3 giant frogs
  Blork the orc (D:7)
  A troll zombie (D:10)
  6 scorpions
  A yak skeleton (D:9)
  Dowan (D:6)
  6 crimson imps
  3 hounds
  A giant frog zombie (D:7)
  2 centaur zombies
  7 orc priests
  A goliath beetle (D:6)
  2 quasits
  A giant frog skeleton (D:4)
  9 orc wizards
  8 worker ants
  Natasha (thrice) (D:3)
  3 sheep (D:7)
  A big kobold zombie (D:10)
  A mottled dragon zombie (D:11)
  Ijyb (D:3)
  Terence (D:3)
  3 gnolls (D:5)
  11 adders
  5 green rats
  9 shadow imps
  2 white imps
  6 giant mites
  3 worms
  2 orc zombies
  An adder skeleton (D:3)
  3 giant geckos
  An ooze (D:3)
  38 orcs
  A bat skeleton (D:5)
  A bat zombie (D:5)
  11 giant cockroaches
  6 goblins
  21 hobgoblins
  12 jackals
  2 ball pythons
  22 bats
  A giant gecko zombie (D:8)
  2 giant newts
  A goblin zombie (D:5)
  A hobgoblin skeleton (D:4)
  A jackal skeleton (D:4)
  25 kobolds
  A kobold zombie (D:10)
  An orc skeleton (D:8)
  4 quokkas
  21 rats
  2 rat skeletons
  A rat zombie (D:7)
326 creatures vanquished.

Vanquished Creatures (collateral kills)
  An ugly thing (D:11)
  A manticore (D:11)
  A gargoyle (D:11)
  A shadow imp (D:10)
  An orc (D:10)
  A kobold (D:10)
  A kobold zombie (D:10)
  An orc zombie (D:10)
8 creatures vanquished.

Vanquished Creatures (others)
  A smoke demon (D:10)
  An ufetubus (D:11)
2 creatures vanquished.

Grand Total: 336 creatures vanquished

Notes
Turn   | Place    | Note
--------------------------------------------------------------
     0 | D:1      | gw, the Deep Dwarf Gladiator, began the quest for the Orb.
     0 | D:1      | Reached XP level 1. HP: 19/19 MP: 1/1
   122 | D:1      | Reached XP level 2. HP: 26/26 MP: 2/2
   140 | D:1      | Reached skill level 1 in Armour
   496 | D:1      | Reached XP level 3. HP: 25/32 MP: 3/3
   845 | D:2      | Reached skill level 4 in Maces & Flails
   975 | D:2      | Reached XP level 4. HP: 18/39 MP: 4/4
  1200 | D:2      | Found a shimmering altar of Xom.
  1529 | D:3      | Reached XP level 5. HP: 23/46 MP: 5/5
  1609 | D:3      | Noticed Terence
  1609 | D:3      | Noticed Natasha
  1627 | D:3      | Killed Terence
  1647 | D:3      | Killed Natasha
  1823 | D:3      | Noticed Ijyb
  1836 | D:3      | Killed Ijyb
  1836 | D:3      | Reached skill level 5 in Maces & Flails
  1839 | D:3      | Noticed Natasha
  1872 | D:3      | Noticed a centaur
  1907 | D:3      | Killed Natasha
  1916 | D:3      | Killed a centaur
  1916 | D:3      | Reached XP level 6. HP: 26/56 MP: 5/5
  2094 | D:3      | Noticed Natasha
  2098 | D:3      | Killed Natasha
  2941 | D:4      | Reached skill level 6 in Maces & Flails
  2941 | D:4      | Reached XP level 7. HP: 39/62 MP: 6/6
  3255 | D:4      | Found a deep blue altar of Sif Muna.
  3255 | D:4      | Found an ancient bone altar of Kikubaaqudgha.
  3633 | D:4      | Gained mutation: You can breathe flames. [potion of mutation]
  3633 | D:4      | Gained mutation: You tend to lose your temper in combat. [potion of mutation]
  3633 | D:4      | Gained mutation: You have a somewhat thin skeletal structure (Dex +2, Stealth). [potion of mutation]
  3648 | D:5      | Entered Level 5 of the Dungeon
  3899 | D:5      | Found a staircase to the Ecumenical Temple.
  3911 | Temple   | Entered the Ecumenical Temple
  3920 | Temple   | Became a worshipper of Makhleb the Destroyer
  4243 | D:5      | Reached skill level 1 in Invocations
  4859 | D:6      | Noticed Sigmund
  4888 | D:6      | Killed Sigmund
  5036 | D:6      | Reached skill level 7 in Maces & Flails
  5036 | D:6      | Reached skill level 5 in Armour
  5036 | D:6      | Reached XP level 8. HP: 34/72 MP: 7/9
  5049 | D:6      | Noticed Duvessa
  5058 | D:6      | Noticed Dowan
  5058 | D:6      | Killed Duvessa
  5058 | D:6      | Acquired Makhleb's first power
  5065 | D:6      | Killed Dowan
  5263 | D:6      | Found a shimmering altar of Xom.
  5421 | D:7      | Found Brai's Magic Scroll Shoppe.
  5450 | D:7      | Noticed Blork the orc
  5480 | D:7      | Killed Blork the orc
  5570 | D:7      | Reached skill level 8 in Maces & Flails
  5603 | D:7      | Reached skill level 5 in Fighting
  5795 | D:7      | Reached skill level 5 in Invocations
  5795 | D:7      | Gained mutation: You passively map the area around you. [level up]
  5795 | D:7      | Reached XP level 9. HP: 25/81 MP: 13/13
  6342 | D:7      | Acquired Makhleb's second power
  6543 | D:8      | Reached skill level 9 in Maces & Flails
  6546 | D:8      | Noticed Psyche
  6737 | D:8      | Killed Psyche
  7111 | D:8      | Acquired Makhleb's third power
  7147 | D:8      | Noticed Eustachio
  7173 | D:8      | Killed Eustachio
  7264 | D:8      | Found a bloodstained altar of Trog.
  7450 | D:9      | Reached XP level 10. HP: 43/91 MP: 16/16
  7566 | D:9      | Found a staircase to the Lair.
  7757 | D:9      | Reached skill level 10 in Maces & Flails
  7785 | D:9      | Found a basalt altar of Yredelemnul.
  7828 | D:9      | Acquired Makhleb's fourth power
  8310 | D:10     | Entered Level 10 of the Dungeon
  8754 | D:10     | Acquired Makhleb's fifth power
  9202 | D:10     | Found a staircase to the Orcish Mines.
  9338 | D:11     | Noticed a cyan ugly thing
  9348 | D:11     | Killed a cyan ugly thing
  9348 | D:11     | Reached skill level 11 in Maces & Flails
  9409 | D:11     | Gained mutation: Your spells are a little easier to cast, but a little less powerful. [a neqoxec]
  9813 | D:11     | Noticed a manticore
  9821 | D:11     | Killed a manticore
  9821 | D:11     | Reached XP level 11. HP: 42/100 MP: 18/18
  9833 | D:11     | HP: 5/100 [barbs]
  9834 | D:11     | HP: 2/100 [barbs]
  9837 | D:11     | Succumbed to a manticore's barbed spikes

Action                   |  1- 3 |  4- 6 |  7- 9 | 10-12 || total
-------------------------+-------+-------+-------+-------++-------
Melee: Flail             |   159 |   270 |   198 |       ||   627
       Eveningstar       |       |       |   369 |   329 ||   698
Invok: Minor Destruction |       |       |    51 |    89 ||   140
       Lesser Servant of |       |       |       |     5 ||     5
 Abil: Device Recharging |       |     1 |     4 |     1 ||     6
       Breathe Fire      |       |       |    35 |    20 ||    55
Evoke: Wand              |       |     9 |    27 |     9 ||    45
  Use: Scroll            |     4 |     6 |    13 |     1 ||    24
       Potion            |     2 |     4 |     6 |     5 ||    17
  Eat: Chunk             |     1 |     7 |    15 |    14 ||    37
       Bread ration      |       |       |     3 |     1 ||     4

Vault maps used:
D:1:      lightli_arrival_boilingwater
D:2:      nicolae_overflow_hidden_temple, first_bread, st_stairs_14
D:3:      uniq_terence, uniq_natasha, uniq_iyjb
D:4:      gammafunk_temple_overflow_elements
D:5:      old_forge, minmay_temple_entry_butterflies
D:6:      basic_altar, uniq_duvessa, uniq_sigmund
D:7:      serial_shops, shop, grunt_livestock, uniq_blork_the_orc
D:8:      lemuel_round_altar, kennysheep_generic_room_13, uniq_eustachio,
          uniq_psyche
D:9:      lemuel_round_altar, due_lair_maze_entry_diamond
D:10:     david_orc_4
D:11:     uniq_erica
Temple:   circular_temple_12
